 Dungeon Crawl Stone Soup version 0.29.1 (webtiles) character file.

Game seed: 14914171247992691430

9397 greasedhog the Slicer (level 11, -4/84 HPs)
             Began as a Gnoll Wanderer on Sept 13, 2022.
             Was a Believer of Dithmenos.
             Slain by an orc warrior
             ... wielding a +0 dire flail
              (18 damage)
             ... on level 1 of the Orcish Mines.
             The game lasted 00:17:56 (14526 turns).

greasedhog the Slicer (Gnoll Wanderer)             Turns: 14526, Time: 00:17:58

Health: -4/84      AC:  8    Str: 10    XL:     11   Next: 45%
Magic:  8/20       EV: 17    Int:  9    God:    Dithmenos [**....]
Gold:   1098       SH:  0    Dex: 20    Spells: 18/23 levels left

rFire   + + .      SeeInvis .   a - +2 short sword (drain)
rCold   + . .      Faith    .   (no shield)
rNeg    . . .      Spirit   .   O - +2 robe {rC+ rF+}
rPois   +          Reflect  .   z - +0 helmet
rElec   .          Harm     .   J - +1 cloak
rCorr   .          Rampage  .   (no gloves)
Will    .....                   (no boots)
Stlth   +++++.....              (no amulet)
HPRegen 0.24/turn               w - ring of protection from fire
MPRegen 0.17/turn               j - ring of poison resistance

@: wreathed by umbra
A: fangs 1, strong nose, distributed training
a: Renounce Religion, Shadow Step


You were on level 1 of the Orcish Mines.
You worshipped Dithmenos.
Dithmenos was pleased with you.
You visited 2 branches of the dungeon, and saw 11 of its levels.
You also visited: Ossuary.

You collected 1098 gold pieces.

Inventory:

Hand Weapons
 a - a +2 short sword of draining (weapon)
 b - a +0 arbalest of freezing
Armour
 z - a +0 helmet (worn)
 J - a +1 cloak (worn)
 O - a +2 robe of resistance (worn)
Jewellery
 i - a ring of positive energy
 j - a ring of poison resistance (right hand)
 w - a ring of protection from fire (left hand)
Wands
 f - a wand of roots (16)
 u - a wand of mindburst (14)
 x - a wand of flame (18)
 y - a wand of charming (12)
 H - a wand of polymorph (6)
 K - a wand of light (4)
 L - a wand of digging (7)
Scrolls
 k - a scroll of magic mapping
 m - 2 scrolls of teleportation
 n - 4 scrolls of enchant armour
 o - 3 scrolls of poison
 q - a scroll of silence
 r - 3 scrolls of fear
 t - 3 scrolls of amnesia
 A - 5 scrolls of vulnerability
 B - 3 scrolls of butterflies
 G - a scroll of brand weapon
 I - 12 scrolls of identify
Potions
 c - 10 potions of degeneration
 d - 5 potions of curing
 g - 2 potions of attraction
 h - a potion of flight
 l - a potion of invisibility {unknown}
 p - 3 potions of magic
 s - a potion of heal wounds
 v - a potion of lignification {unknown}
 C - 2 potions of cancellation {unknown}
 D - 3 potions of might {unknown}
 F - a potion of ambrosia {unknown}
 M - a potion of haste
Miscellaneous
 N - a lightning rod (4/4)


   Skills:
 + Level 7.1 Fighting
 + Level 12.2 Short Blades
 + Level 6.5 Long Blades
 + Level 6.5 Axes
 + Level 6.5 Maces & Flails
 + Level 6.5 Polearms
 + Level 6.5 Staves
 + Level 6.5 Ranged Weapons
 + Level 7.1 Throwing
 + Level 6.5 Armour
 + Level 7.1 Dodging
 + Level 7.0 Stealth
 + Level 6.5 Shields
 + Level 6.5 Unarmed Combat
 + Level 6.5 Spellcasting
 + Level 5.4 Conjurations
 + Level 5.4 Hexes
 + Level 5.4 Summonings
 + Level 5.4 Necromancy
 + Level 5.4 Translocations
 + Level 5.4 Transmutations
 + Level 5.4 Fire Magic
 + Level 5.4 Ice Magic
 + Level 5.4 Air Magic
 + Level 5.4 Earth Magic
 + Level 5.4 Poison Magic
 + Level 7.7 Invocations
 + Level 6.5 Evocations


You had 18 spell levels left.
You knew the following spells:

 Your Spells              Type           Power      Damage    Failure   Level
a - Dazzling Flash        Conj/Hex       24%        N/A       7%          3
b - Ensorcelled Hibernat  Hex/Ice        24%        N/A       3%          2

Your spell library contained the following spells:

 Spells                   Type           Power      Damage    Failure   Level
 Summon Small Mammal      Summ           48%        N/A       2%          1
 Sublimation of Blood     Necr           12%        N/A       3%          2
 Call Canine Familiar     Summ           12%        N/A       7%          3
 Gell's Gravitas          Tloc           12%        N/A       7%          3
 Lesser Beckoning         Tloc           12%        N/A       7%          3
 Spider Form              Tmut/Pois      12%        N/A       7%          3
 Summon Guardian Golem    Hex/Summ       12%        N/A       7%          3
 Teleport Other           Tloc           12%        N/A       7%          3
 Anguish                  Hex/Necr       6%         N/A       22%         4
 Animate Armour           Summ/Erth      24%        N/A       22%         4
 Iskenderun's Mystic Bla  Conj/Tloc      12%        2d5       22%         4
 Petrify                  Tmut/Erth      12%        N/A       22%         4
 Agony                    Necr           12%        N/A       54%         5
 Blade Hands              Tmut           6%         N/A       54%         5
 Irradiate                Conj/Tmut      6%         3d13      54%         5
 Silence                  Hex/Air        6%         N/A       54%         5
 Iron Shot                Conj/Erth      6%         9d2       98%         6
 Starburst                Conj/Fire      6%         6d4       98%         6


Dungeon Overview and Level Annotations

Branches:
Dungeon (9/15)             Temple (0/1) D:7            Lair (0/5) D:9
    Orc (2/2) D:9         Ossuary (visited)
    Elf: Orc:2

Altars:
Ashenzari
Dithmenos
Fedhas
Gozag
Okawaru
Uskayaw
Vehumet
Wu Jian

Shops:
D:9 :(


Innate Abilities, Weirdness & Mutations

You have very sharp teeth.
Your uncanny sense of smell can sniff out nearby items.
Your experience applies equally to all skills.


Message History

The orc warrior hits you with a +0 great mace!
The orc warrior resists with some effort.
The orc warrior barely misses you.
The orc shoots a bolt.
The bolt barely misses you. The orc warrior closely misses you.
You puncture the orc warrior!
You kill the orc warrior!
Dithmenos accepts your kill.
The orc warrior hits you with a +0 dire flail!!
* * * LOW HITPOINT WARNING * * *
The orc shoots a bolt.
The bolt barely misses you.
You are too injured to fight recklessly!
The orc warrior barely misses you.
The orc shoots a bolt.
The bolt barely misses you.
You climb upwards.
There is a stone staircase leading down, spattered with blood here.
You are too injured to fight recklessly!
Casting: Ensorcelled Hibernation (safe; 3% risk of failure)
Confirm with . or Enter, or press ? or * to list all spells.
Casting: Dazzling Flash (dangerous; 7% risk of failure)
Press: ? - help, Dir - look around, f - activate The orc warrior hits you with a +0 dire flail!
* * * LOW HITPOINT WARNING * * *
Casting: Dazzling Flash (dangerous; 7% risk of failure)
Confirm with . or Enter, or press ? or * to list all spells.
Casting: Dazzling Flash (dangerous; 7% risk of failure)
Press: ? - help, Dir - look around, f - activate The orc warrior is dazzled.
The orc warrior misses you.
Unknown command.
Casting: Dazzling Flash (dangerous; 7% risk of failure)
Confirm with . or Enter, or press ? or * to list all spells.
Okay, then.
Casting: Dazzling Flash (dangerous; 7% risk of failure)
Confirm with . or Enter, or press ? or * to list all spells.
Aiming: Ensorcelled Hibernation (safe; 3% risk of failure)
Press: ? - help, Shift-Dir - straight line, f - orc warrior
Aim: an orc warrior, wielding a +0 dire flail and wearing a +0 plate armour (blind, umbra, chance to affect: 46%)
The orc warrior resists with some effort.
The orc warrior is no longer blind.
The orc warrior hits you with a +0 dire flail!!
You die...

#...## ###....# #.#...###
###......## #.....#...###
##)...###....# #....###.....###
##....#......#.##
####..@.###..###...##
####.#.#..o.....##.....##
##.#....##..>....##......#
#........####[..##.......##
###....#...####..#....###..#.
#....#.##.....#.##...#.##....
####...####......##....####....
##.##...#.##...#.###.....##.....
##..####..##....###
###....#.....


You could see an orc warrior.

Vanquished Creatures
  A boulder beetle (D:8)
  2 two-headed ogres
  Pikel (D:5)
  An orc sorcerer (Orc:1)
  Psyche (D:8)
  A kobold demonologist (D:6)
  Prince Ribbit (D:7)
  Grinder (D:3)
  6 yaks
  2 wraiths (Ossuary)
  2 wargs (D:9)
  A water moccasin (D:8)
  7 orc warriors
  A swamp drake (D:9)
  A black bear (D:6)
  8 ogres
  2 sky beasts (D:8)
  3 centaurs
  5 kobold brigands
  A phantom (D:7)
  A bullfrog (D:6)
  4 scorpions
  3 necrophages
  6 wights
  4 killer bees (D:9)
  A howler monkey (D:4)
  A jelly (D:6)
  3 hounds
  Crazy Yiuf (D:7)
  8 orc priests
  A gnoll bouda (D:8)
  Ijyb (D:3)
  3 iguanas
  9 orc wizards
  A mummy (D:8)
  8 gnolls
  6 adders
  A shadow imp (D:7)
  3 ufetubi (D:5)
  2 worms
  A dart slug (D:3)
  28 orcs
  6 endoplasms
  4 giant cockroaches
  8 goblins
  6 hobgoblins
  4 jackals
  4 quokkas
  6 ball pythons
  2 ball python skeletons (Ossuary)
  6 bats
  5 frilled lizards
  2 hobgoblin skeletons (Ossuary)
  A hobgoblin zombie (Ossuary)
  37 kobolds
  An orc skeleton (Ossuary)
  An orc zombie (Ossuary)
  8 rats
245 creatures vanquished.

Vanquished Creatures (others)
  A gnoll (D:8)
  64 plants (D:2)
65 creatures vanquished.

Grand Total: 310 creatures vanquished

Notes
Turn   | Place    | Note
-------+----------+-------------------------------------------
     0 | D:1      | Reached skill level 10 in Short Blades
     0 | D:1      | greasedhog the Gnoll Wanderer began the quest for the Orb.
     0 | D:1      | greasedhog set off with the following items: a +2 short
                  | sword, a scroll of silence, a +0 cloak, a potion of heal
                  | wounds, a +0 leather armour.
     0 | D:1      | Reached XP level 1. HP: 17/17 MP: 2/2
   216 | D:1      | Reached XP level 2. HP: 23/23 MP: 3/3
   785 | D:1      | Reached XP level 3. HP: 28/28 MP: 4/4
  1630 | D:2      | Reached skill level 1 in Long Blades
  1630 | D:2      | Reached skill level 1 in Axes
  1630 | D:2      | Reached skill level 1 in Maces & Flails
  1630 | D:2      | Reached skill level 1 in Polearms
  1630 | D:2      | Reached skill level 1 in Staves
  1630 | D:2      | Reached skill level 1 in Ranged Weapons
  1630 | D:2      | Reached skill level 1 in Armour
  1630 | D:2      | Reached skill level 1 in Shields
  1630 | D:2      | Reached skill level 1 in Unarmed Combat
  1630 | D:2      | Reached skill level 1 in Spellcasting
  1630 | D:2      | Reached skill level 1 in Evocations
  1647 | D:2      | Reached XP level 4. HP: 28/34 MP: 6/6
  2096 | D:2      | Reached skill level 1 in Conjurations
  2096 | D:2      | Reached skill level 1 in Hexes
  2096 | D:2      | Reached skill level 1 in Summonings
  2096 | D:2      | Reached skill level 1 in Necromancy
  2096 | D:2      | Reached skill level 1 in Translocations
  2096 | D:2      | Reached skill level 1 in Transmutations
  2096 | D:2      | Reached skill level 1 in Fire Magic
  2096 | D:2      | Reached skill level 1 in Ice Magic
  2096 | D:2      | Reached skill level 1 in Air Magic
  2096 | D:2      | Reached skill level 1 in Earth Magic
  2096 | D:2      | Reached skill level 1 in Poison Magic
  2773 | D:3      | Noticed Grinder
  2784 | D:3      | Killed Grinder
  2785 | D:3      | Reached XP level 5. HP: 21/41 MP: 6/8
  2785 | D:3      | Reached XP level 6. HP: 24/47 MP: 6/9
  3007 | D:3      | Learned a level 3 spell: Dazzling Flash
  3050 | D:3      | Noticed Ijyb
  3055 | D:3      | Killed Ijyb
  4712 | D:3      | Reached XP level 7. HP: 28/52 MP: 10/10
  6069 | D:4      | Learned a level 2 spell: Ensorcelled Hibernation
  6095 | D:5      | Entered Level 5 of the Dungeon
  6702 | D:5      | Reached XP level 8. HP: 56/60 MP: 12/12
  6921 | D:5      | Noticed Pikel
  6943 | D:5      | Killed Pikel
  6944 | D:5      | Reached skill level 11 in Short Blades
  7191 | D:5      | You fall into a shaft and drop 2 floors!
  7462 | D:7      | Found a runed translucent door.
  7466 | D:7      | Noticed Crazy Yiuf
  7510 | D:6      | Found a blossoming altar of Fedhas.
  7537 | D:6      | Reached skill level 5 in Invocations
  7753 | D:6      | Noticed a kobold demonologist
  7765 | D:6      | Noticed a sun demon
  7768 | D:6      | Killed a kobold demonologist
  7769 | D:6      | Reached XP level 9. HP: 67/67 MP: 13/15
  7802 | D:6      | Reached skill level 5 in Fighting
  7802 | D:6      | Reached skill level 5 in Throwing
  7802 | D:6      | Reached skill level 5 in Dodging
  7836 | D:6      | Reached skill level 5 in Stealth
  8278 | D:6      | Found an ornate altar of the Wu Jian Council.
  8548 | D:6      | Found a shadowy altar of Dithmenos.
  8682 | D:6      | Found an opulent altar of Gozag.
  8682 | D:6      | Found a hide-covered altar of Uskayaw.
  8689 | D:6      | Became a worshipper of Dithmenos the Shadowed
  8718 | D:6      | Found an iron altar of Okawaru.
  8721 | D:6      | Found a radiant altar of Vehumet.
  8971 | D:5      | Noticed a two-headed ogre
  8976 | D:5      | Killed a two-headed ogre
  9135 | D:5      | Reached skill level 5 in Long Blades
  9135 | D:5      | Reached skill level 5 in Axes
  9135 | D:5      | Reached skill level 5 in Maces & Flails
  9135 | D:5      | Reached skill level 5 in Polearms
  9135 | D:5      | Reached skill level 5 in Staves
  9135 | D:5      | Reached skill level 5 in Ranged Weapons
  9135 | D:5      | Reached skill level 5 in Armour
  9135 | D:5      | Reached skill level 5 in Shields
  9135 | D:5      | Reached skill level 5 in Unarmed Combat
  9135 | D:5      | Reached skill level 5 in Spellcasting
  9135 | D:5      | Reached skill level 5 in Evocations
  9135 | D:5      | Reached XP level 10. HP: 76/76 MP: 17/17
  9345 | D:7      | Found a staircase to the Ecumenical Temple.
  9431 | D:7      | Noticed Prince Ribbit
  9444 | D:7      | Killed Prince Ribbit
  9447 | D:7      | Found a broken altar of Ashenzari.
  9585 | D:7      | Killed Crazy Yiuf
  9785 | D:8      | Found a sand-covered staircase.
  9793 | Ossuary  | Entered an ossuary
 10234 | D:8      | Noticed Psyche
 10248 | D:8      | Killed Psyche
 10253 | D:8      | Reached * piety under Dithmenos
 10768 | D:8      | Noticed a boulder beetle
 10771 | D:8      | Killed a boulder beetle
 11209 | D:9      | Found Baisoses's Vocational Training.
 11250 | D:9      | Found a staircase to the Lair.
 11328 | D:9      | Found Yxalouri's Weapon Boutique.
 11662 | D:9      | Reached skill level 12 in Short Blades
 11673 | D:9      | Reached skill level 5 in Conjurations
 11673 | D:9      | Reached skill level 5 in Hexes
 11673 | D:9      | Reached skill level 5 in Summonings
 11673 | D:9      | Reached skill level 5 in Necromancy
 11673 | D:9      | Reached skill level 5 in Translocations
 11673 | D:9      | Reached skill level 5 in Transmutations
 11673 | D:9      | Reached skill level 5 in Fire Magic
 11673 | D:9      | Reached skill level 5 in Ice Magic
 11673 | D:9      | Reached skill level 5 in Air Magic
 11673 | D:9      | Reached skill level 5 in Earth Magic
 11673 | D:9      | Reached skill level 5 in Poison Magic
 11786 | D:9      | Reached XP level 11. HP: 67/83 MP: 20/20
 11916 | D:9      | Noticed a two-headed ogre
 11926 | D:9      | Killed a two-headed ogre
 12371 | D:9      | Found a staircase to the Orcish Mines.
 12666 | D:9      | Reached ** piety under Dithmenos
 13621 | Orc:1    | Entered Level 1 of the Orcish Mines
 13851 | Orc:2    | Entered Level 2 of the Orcish Mines
 13964 | Orc:1    | Noticed an orc sorcerer
 13971 | Orc:1    | Killed an orc sorcerer
 14526 | Orc:1    | Slain by an orc warrior

Illustrated notes

Levels and vault maps discovered:
D:1:      psy_arrival_fountain, layout_basic, hangedman_decor_riveting,
          amethyst_killhole, minmay_misc_feat_hallway, corner_web_ring,
          minmay_pentomino_x4
D:2:      layout_basic, serial_bayou, serial_bayou_lake_a, serial_bayou_ford_a,
          serial_bayou_lagoon_a, serial_bayou_pond_d, st_stairs_7,
          minmay_misc_feat_enclosed, kennysheep_cross_room,
          minmay_misc_feat_ornament
D:3:      layout_basic, uniq_grinder, uniq_ijyb
D:4:      minmay_chambers_of_twos, layout_loops_corners, hangedman_glass_teeth
D:5:      layout_loops_corners, minmay_misc_feat_pillars, uniq_pikel
D:6:      layout_gridville, mainiacjoe_overflow_six_doors_small,
          nzn_wu_jian_council_hall, minmay_overflow_temple_star_hex
D:7:      layout_cave_pools, mainiacjoe_overflow_chevrons, temple_green,
          uniq_crazy_yiuf_cottage, uniq_prince_ribbit1
D:8:      layout_loops_ring, gup_ossuary_entry_pyramid, uniq_psyche
D:9:      layout_long_grid, erik_lair_orcish_takeover, erik_orc_1, serial_shops,
          shop_statue, dreamdust_wishing_well, hangedman_abyss_or_decor_stabs,
          minmay_misc_feat_room, nicolae_shop_vocational
Orc:1:    layout_diamond_mine, lightli_orcish_oven, uniq_urug
Orc:2:    st_orc_rangers, layout_diamond_mine

Skill      XL: |  1  2  3  4  5  6  7  8  9 10 11 |
---------------+----------------------------------+-----
Short Blades   | 11 12 | 12.2
Long Blades    | 1 2 3 4 5 6 |  6.5
Axes           | 1 2 3 4 5 6 |  6.5
Maces & Flails | 1 2 3 4 5 6 |  6.5
Polearms       | 1 2 3 4 5 6 |  6.5
Staves         | 1 2 3 4 5 6 |  6.5
Ranged Weapons | 1 2 3 4 5 6 |  6.5
Armour         | 1 2 3 4 5 6 |  6.5
Shields        | 1 2 3 4 5 6 |  6.5
Unarmed Combat | 1 2 3 4 5 6 |  6.5
Spellcasting   | 1 2 3 4 5 6 |  6.5
Evocations     | 1 2 3 4 5 6 |  6.5
Conjurations   | 1 2 3 4 5 |  5.4
Hexes          | 1 2 3 4 5 |  5.4
Summonings     | 1 2 3 4 5 |  5.4
Necromancy     | 1 2 3 4 5 |  5.4
Translocations | 1 2 3 4 5 |  5.4
Transmutations | 1 2 3 4 5 |  5.4
Fire Magic     | 1 2 3 4 5 |  5.4
Ice Magic      | 1 2 3 4 5 |  5.4
Air Magic      | 1 2 3 4 5 |  5.4
Earth Magic    | 1 2 3 4 5 |  5.4
Poison Magic   | 1 2 3 4 5 |  5.4
Invocations    | 3 4 5 6 7 |  7.7
Fighting       | 3 4 5 6 7 |  7.1
Throwing       | 3 4 5 6 7 |  7.1
Dodging        | 3 4 5 6 7 |  7.1
Stealth        | 3 4 5 6 7 |  7.0

Action                   |  1- 3 |  4- 6 |  7- 9 | 10-12 || total
-------------------------+-------+-------+-------+-------++-------
Melee: Short sword       |   100 |    86 |   269 |   408 ||   863
       Bite              |     5 |     9 |    40 |    67 ||   121
       Punch             |       |       |     9 |    17 ||    26
 Fire: Arbalest          |       |    77 |    30 |    42 ||   149
 Cast: Ensorcelled Hiber |       |       |     9 |    30 ||    39
       Dazzling Flash    |       |       |       |     4 ||     4
Invok: Shadow Step       |       |       |       |     1 ||     1
Evoke: Wand              |       |       |     1 |       ||     1
  Use: Scroll            |     3 |     9 |     4 |     2 ||    18
       Potion            |     1 |     1 |     3 |     3 ||     8
 Stab: Sleeping          |     5 |       |     3 |    20 ||    28
       Invisible         |       |       |       |     2 ||     2
       Distracted        |       |       |       |     1 ||     1
       Confused          |       |       |       |     1 ||     1
Armor: Leather armour    |    23 |    31 |    47 |    62 ||   163
       Robe              |       |       |       |     1 ||     1
Dodge: Dodged            |    31 |    48 |   127 |   297 ||   503
